AoeStats
← Jazzmushroom

Black Forest

506695536Analyzed
1v1 RM · 18d ago on Sep 14, 2026· 29m 46s· 2 players
Game mode
Random Map
Map size
Tiny (2 player)
Population
200
Speed
Normal
Resources
Standard
Victory
Conquest
Starting age
Dark Age
Ending age
Imperial Age
RankedLock teamsTeams togetherTeam positionsShared explorationLock speedFull tech treeHidden civsTurbo modeCheats
Victory
Defeat
🇺🇸 Turks · United States
1404
+17
🇺🇸 Turks · United States
1417
-17
The_Economist
2:00 Loom
12:41 Feudal Age
13:21 Double-Bit Axe
16:17 Castle Age
14:12 Horse Collar
15:12 Gold Mining
21:34 Imperial Age
Jazzmushroom
2:28 Loom
13:28 Feudal Age
13:58 Double-Bit Axe
18:17 Castle Age
16:10 Fishing Lines
18:32 Town Watch
19:21 Gillnets
25:28 Imperial Age
23:49 Scale Barding Armor
24:41 Forging
Connection lost

Rejoining the realm…

Still unreachable

The connection could not be restored.

Session expired

The server has moved on; the page needs a fresh start.